 Dungeon Crawl Stone Soup version 0.18.1-50-g88ac8fd (webtiles) character file.

219 Athod the Grave Robber (level 6, -15/41 HPs)
             Began as a Human Necromancer on Dec 13, 2016.
             Was a Follower of Makhleb.
             Demolished by an ogre
             ... wielding a +0 giant club
              (20 damage)
             ... on level 3 of the Dungeon.
             The game lasted 00:42:47 (2377 turns).

Athod the Grave Robber (Human Necromancer)          Turns: 2377, Time: 00:42:48

Health: -15/41     AC:  4    Str: 10    XL:     6   Next: 18%
Magic:  7/11       EV: 12    Int: 25    God:    Makhleb [*.....]
Gold:   149        SH:  0    Dex: 13    Spells: 4 memorised, 3 levels left

rFire  . . .     SeeInvis .     f - +2 hand axe
rCold  . . .     Gourm    .     d - +0 leather armour {hello}
rNeg   . . .     Faith    .     (no shield)
rPois  .         Spirit   .     (no helmet)
rElec  .         Dismiss  .     (no cloak)
rCorr  .         Reflect  .     o - +0 pair of gloves
SustAt .         Harm     .     (no boots)
MR     .....                    (no amulet)
Stlth  ++........               a - +5 ring of intelligence
                                q - +4 ring of intelligence

@: not resistant to hostile enchantments, unstealthy
A: no striking features
a: Renounce Religion


You were on level 3 of the Dungeon.
You worshipped Makhleb.
Makhleb was aware of your devotion.
You were not hungry.

You visited 1 branch of the dungeon, and saw 3 of its levels.

You collected 149 gold pieces.

Inventory:

Hand Weapons
 f - a +2 hand axe (weapon)
 t - a +0 dagger of flaming
Missiles
 i - 37 bolts
Armour
 d - a +0 leather armour (worn) {hello}
 o - a +0 pair of gloves (worn)
 u - a +0 robe
Jewellery
 a - a +5 ring of intelligence (right hand)
 j - a +3 ring of slaying {unknown}
 q - a +4 ring of intelligence (left hand)
Scrolls
 e - 2 scrolls of recharging {unknown}
 h - 2 scrolls of identify {unknown}
 k - a scroll of blinking {unknown}
 n - 2 scrolls of remove curse
Potions
 c - a potion of might {unknown}
 m - 2 potions of agility {unknown}
 s - 2 potions of curing {unknown}
Books
 b - a book of Necromancy

   Spells                             Type                      Level
   a - Pain                           Necromancy                   1
   b - Animate Skeleton               Necromancy                   1
   c - Vampiric Draining              Necromancy                   3
   d - Regeneration                   Charms/Necromancy            3
   e - Animate Dead                   Necromancy                   4
   f - Control Undead                 Necromancy                   4
Comestibles
 p - 2 chunks of flesh
 r - a bread ration


   Skills:
 + Level 2.8 Dodging
 + Level 3.3 Stealth
 + Level 3.5 Spellcasting
 + Level 5.1 Necromancy


You had 3 spell levels left.
You knew the following spells:

 Your Spells              Type           Power        Failure   Level  Hunger
a - Pain                  Necr           ####         1%          1    None
b - Animate Skeleton      Necr           N/A          1%          1    None
c - Regeneration          Chrm/Necr      ###.......   17%         3    ###....
d - Animate Dead          Necr           N/A          17%         4    ####...


Dungeon Overview and Level Annotations

Branches:
Dungeon (3/15)

Altars:
Ashenzari
Cheibriados
Makhleb
Nemelex Xobeh
Ru


Message History

You closely miss the ogre.
The ogre is heavily wounded.
The ogre hits you with a giant club!
* * * LOW HITPOINT WARNING * * *
Drink which item? (? for menu, Esc to quit)
Okay, then.
You slash the ogre!
The ogre is severely wounded.
The ogre barely misses you.
You hit the ogre.
The ogre is almost dead.
The ogre hits you with a giant club!
* * * LOW HITPOINT WARNING * * *
You hit the ogre.
The ogre is almost dead.
The ogre hits you but does no damage.
You hit the ogre but do no damage.
The ogre is almost dead.
The ogre hits you with a giant club!!
You die...

.#+#...#..#######..#.......#.#
..+...##....Z......)..._.....#
.....##...######...#.......#.#
#.⌠.##..### #...#.......#.#
##.##..## ###.#.##.....## .
.#'#..## #...#.####.###
..'..## #.###........ #...##
#§§.#... ##### ##.######
##§@#.### #.##...## #§O§§#
#.ZZ....# #..### #########
#..# #8## #..# #8...8 #..#
#..... .... _..... #..# #.....
...#


You could see an ogre.

Vanquished Creatures
  A centaur (D:3)
  An orc wizard (D:3)
  3 adders (D:2)
  An ooze (D:1)
  3 worms (D:3)
  3 dart slugs
  A giant gecko (D:2)
  5 orcs (D:3)
  5 giant cockroaches
  8 goblins
  8 hobgoblins
  A quokka (D:3)
  3 bats
  5 giant newts
  5 kobolds
  9 rats
62 creatures vanquished.

Vanquished Creatures (collateral kills)
  A rat (D:3)
1 creature vanquished.

Grand Total: 63 creatures vanquished

Notes
Turn   | Place    | Note
--------------------------------------------------------------
     0 | D:1      | Athod the Human Necromancer began the quest for the Orb.
     0 | D:1      | Reached XP level 1. HP: 13/13 MP: 3/3
    16 | D:1      | Learned a level 1 spell: Animate Skeleton
   217 | D:1      | Reached XP level 2. HP: 17/19 MP: 0/5
   578 | D:1      | Reached XP level 3. HP: 18/24 MP: 0/6
   583 | D:1      | Learned a level 3 spell: Regeneration
  1056 | D:2      | Found a shattered altar of Ashenzari.
  1075 | D:2      | Reached XP level 4. HP: 26/30 MP: 1/8
  1313 | D:2      | Found a sacrificial altar of Ru.
  1319 | D:2      | Became a worshipper of Ru the Awakened
  1657 | D:3      | Found a burning altar of Makhleb.
  1667 | D:3      | Fell from the grace of Ru
  1667 | D:3      | Became a worshipper of Makhleb the Destroyer
  1693 | D:3      | Reached XP level 5. HP: 19/35 MP: 4/9
  1951 | D:3      | Found a snail-covered altar of Cheibriados.
  2046 | D:3      | Found a sparkling altar of Nemelex Xobeh.
  2115 | D:3      | Reached * piety under Makhleb
  2151 | D:3      | Noticed a centaur
  2166 | D:3      | Killed a centaur
  2166 | D:3      | Reached skill level 5 in Necromancy
  2166 | D:3      | Reached XP level 6. HP: 28/41 MP: 1/11
  2358 | D:3      | Noticed an ogre
  2373 | D:3      | Learned a level 4 spell: Animate Dead
  2377 | D:3      | Demolished by an ogre

Skill      XL: |  1  2  3  4  5 |
---------------+----------------+-----
Spellcasting   | 3 |  3.5
Stealth        | 3 |  3.3
Necromancy     | 5 |  5.1
Dodging        | |  2.8

Action                   |  1- 3 |  4- 6 || total
-------------------------+-------+-------++-------
Melee: Mace              |     3 |       ||     3
       Hand axe          |     1 |    29 ||    30
 Cast: Pain              |    48 |    63 ||   111
       Animate Skeleton  |    12 |    14 ||    26
       Regeneration      |       |     2 ||     2
  Use: Scroll            |     3 |     2 ||     5
       Potion            |     3 |     2 ||     5
  Eat: Bread ration      |     2 |       ||     2
Armor: Robe              |     2 |     6 ||     8
       Leather armour    |       |     3 ||     3
Dodge: Dodged            |     4 |    24 ||    28
